[Event "*** MasterClass Titled Tuesday Blitz"]
[Site "Chess.com"]
[Date "2017.10.03"]
[Round "1"]
[White "Daniela_Movileanu"]
[Black "vanea_03"]
[Result "0-1"]
[WhiteElo "2096"]
[BlackElo "2460"]
[TimeControl "180+2"]
[EndTime "13:10:08 PDT"]
[Termination "vanea_03 won by resignation"]

1. e4 c6 2. d4 d5 3. Nd2 dxe4 4. Nxe4 Bf5 5. Ng3 Bg6 6. Nf3 Nf6 7. h4 Nh5 8. Nxh5 Bxh5 9. Be2 e6 10. Bf4 Bd6 11.
Ne5 Bxe2 12. Qxe2 Qe7 13. O-O-O Nd7 14. Bg3 Nf6 15. f4 h5 16. Rhf1 g6 17. Kb1 O-O-O 18. Nc4 Bc7 19. Qf3 Nd5 20. Rde1 Qf6 21. c3 Qf5+ 22.
Ka1 Qg4 23. Ne5 Qxf3 24. Rxf3 Rhf8 25. Re2 Ne7 26. Bf2 Nf5 27. Re4 Bxe5 28. fxe5 b6 29. b3 Kb7 30. g4 hxg4 31. Rxg4 Rh8 32. Kb2 Rd5 33. c4 Rdd8 34. Kc3 a5 35. a3 Kc7 36. Rff4 Rh5 37. Re4 Rdh8 38. b4 axb4+ 39. Kxb4 Ra8 40. a4 Rhh8 41. Re1 Rhb8 42. Rd1 c5+ 43. dxc5 bxc5+ 44. Kc3 Kc6 45. Rgg1 Rxa4 46. Ra1 Rba8 47. Rxa4 Rxa4 48. Rb1 Ra3+ 49. Kb2 Rf3 50. Be1 Re3 51. Bc3 Re4 52. Kb3 Nxh4 53. Rh1 Nf3 54. Rh7 Rf4 55. Rh8 Rf5 56. Rc8+ Kb6 57. Rb8+ Kc7 58. Rb5 Kc6 59. Rb8 Nxe5 60. Rc8+ Kb6 61. Rb8+ Kc7 62. Rb5 Nd7 63. Ba5+ Kd6 64. Bc3 Rf3 65. Ra5 e5 66. Kc2 g5 67.
Ra6+ Ke7 68. Kd2 g4 69. Ra7 Ke6 70. Ra6+ Kf5 71. Ra7 Nf6 72. Rxf7 Ke6 73. Rg7 Ne4+ 0-1

[Event "*** MasterClass Titled Tuesday Blitz"]
[Site "Chess.com"]
[Date "2017.10.03"]
[Round "1"]
[White "Hanging_pointer"]
[Black "JSPrepz"]
[Result "0-1"]
[WhiteElo "2264"]
[BlackElo "2535"]
[TimeControl "180+2"]
[EndTime "13:10:24 PDT"]
[Termination "JSPrepz won by resignation"]

1. e4 e6 2. d4 d5 3. Nd2 c5 4. exd5 Qxd5 5. Ngf3 cxd4 6. Bc4 Qd6 7. O-O Nf6 8. Nb3 Nc6 9. Nbxd4 Nxd4 10. Nxd4 Be7 11. Re1 O-O 12. Bb3 Rd8 13. Be3 a6 14. Qf3 Nd5 15. Rad1 Nxe3 16. Rxe3 Bf6 17. Red3 Qc7 18. c3 Bd7 19. h3 Rab8 20. Qe4 Qb6 21. R3d2 g6 22. Qf3 Bg7 23. h4 h5 24. Qe3 Qa5 25.
Nf3 Bc6 26. Ng5 Rxd2 27. Qxd2 Qf5 28. Qd6 Be5 29. Qe7 Re8 30. Qb4 a5 31. Qc4 Bf6 32.
Nh3 Kg7 33. Qe2 a4 34. Bc2 Qe5 35. Qxe5 Bxe5 36. g3 a3 37. bxa3 Ra8 38. Bb3 Bxc3 39. Rc1 Bb2 40. Rd1 Bxa3 41. Nf4 Be7 42. Rc1 Kf6 43.
Nd3 Ba4 44. Bc4 b5 45. Bb3 Rd8 46. Nf4 Rd2 47. Rb1 Bc5 48. Nh3 Rd3 49. Kg2 Rd2 50. Kf3 e5 51. Kg2 e4 52. Kf1 Ke5 53. Re1 Kd4 54. Bxa4 bxa4 55. Re2 Rxe2 56. Kxe2 Kc3 57.
Ng5 f5 58. Ne6 Bb6 59. Nf4 Kb2 60. Nxg6 Kxa2 61. Ne7 Kb3 62. Nd5 Bd4 0-1

[Event "*** MasterClass Titled Tuesday Blitz"]
[Site "Chess.com"]
[Date "2017.10.03"]
[Round "1"]
[White "DrVelja"]
[Black "Mistheoretical"]
[Result "1-0"]
[WhiteElo "2508"]
[BlackElo "2196"]
[TimeControl "180+2"]
[EndTime "13:10:50 PDT"]
[Termination "DrVelja won on time"]

1. e4 e6 2. d4 d5 3. Nc3 Bb4 4. Ne2 Nf6 5. e5 Nfd7 6. a3 Be7 7. f4 c5 8. Be3 Nc6 9. Qd2 a6 10. dxc5 Bxc5 11. Bxc5 Nxc5 12. O-O-O b5 13. Nd4 Bb7 14. Nxc6 Bxc6 15. Qd4 Nd7 16. Bd3 g6 17. g4 h5 18. h3 Qb6 19. Ne2 Qxd4 20. Nxd4 Bb7 21. Kd2 O-O-O 22. Be2 Nc5 23. Ke3 Ne4 24. Rdg1 hxg4 25.
hxg4 Kd7 26. Bf3 Nc5 27. f5 Rc8 28. f6 Kc7 29. g5 Kb6 30. Rh6 Rxh6 31. gxh6 Rh8 32.
Rh1 Nd7 33. Kf4 g5+ 34. Kxg5 Nxe5 35. Bg2 Kc5 36. Kf4 Ng6+ 37. Ke3 e5 38. Nf5 d4+ 39. Kf2 Bxg2 40. Kxg2 Kd5 41. h7 Ke6 42. Ne7 Nxe7 43. fxe7 Kxe7 44. Kf3 Ke6 45. Rh6+ f6 46. Ke4 a5 47. b3 a4 48. b4 Kf7 49. Kf5 Kg7 50.
Rxf6 Rxh7 51. Kxe5 Rh3 52. Rb6 d3 53. cxd3 Rxd3 54.
Rxb5 Rxa3 55. Ra5 Kf7 56. Kd6 Kf6 57. b5 Ra1 58. b6 Rb1 59. Kc7 Rc1+ 60. Kb8 Rc4 61.
b7 Rb4 62. Ka7 1-0

[Event "*** MasterClass Titled Tuesday Blitz"]
[Site "Chess.com"]
[Date "2017.10.03"]
[Round "1"]
[White "maciek_92"]
[Black "XeresLt"]
[Result "1-0"]
[WhiteElo "2536"]
[BlackElo "2270"]
[TimeControl "180+2"]
[EndTime "13:10:56 PDT"]
[Termination "maciek_92 won by resignation"]

1. c4 Nf6 2. Nc3 g6 3. g3 Bg7 4. Bg2 O-O 5. d4 d6 6. Nf3 Nc6 7. O-O Bf5 8. b3 Ne4 9. Nd5 e6 10. Ne3 h5 11. Bb2 d5 12. h3 Ng5 13. Nxf5 Nxf3+ 14. Bxf3 gxf5 15. cxd5 exd5 16. Bxh5 f4 17. gxf4 Qh4 18. e3 f5 19. Bf3 Ne7 20. Bg2 Rf6 21. Qf3 Rg6 22. Kh2 Kf7 23. Rg1 Rh8 24. Bh1 Rgh6 25. Rg3 Bf6 26. Rag1 c6 27. Ba3 R6h7 28.
Kg2 Qh6 29. Kf1 Bh4 30. R3g2 Bf6 31. Rh2 Ng6 32. Bd6 Nh4 33. Qd1 Bxd4 34. Qxd4 Qxd6 35.
Qxa7 Qb4 36. Ke2 Qb5+ 37. Kd2 Qb4+ 38. Kc2 Qb5 39. f3 Re8 40. Rd2 Re7 41. Re1 Rg7 42.
Qd4 Qa5 43. Kb2 b6 44. Qc3 Qxc3+ 45. Kxc3 Rg3 46. Rf2 Rxh3 47. Kd4 Ke6 48. Rg1 c5+ 49. Kd3 Kf6 50. a4 Re6 51. Ke2 d4 52. e4 fxe4 53.
fxe4 Rxb3 54. e5+ Ke7 55. Rg7+ Kf8 56. Rh7 Rb2+ 57. Ke1 Rxf2 58. Kxf2 Nf5 59. Be4 Ng7 60. Bd5 Rg6 61. Rh8+ Ke7 62. Rb8 Rh6 63. Rb7+ Kd8 64. Rxg7 Rh4 65. Kf3 Rh3+ 66. Rg3 Rh1 67. f5 Re1 68.
Kf4 Ke7 69. f6+ Kd7 70. Rg7+ Ke8 71. e6 Rf1+ 72. Ke5 1-0

[Event "*** MasterClass Titled Tuesday Blitz"]
[Site "Chess.com"]
[Date "2017.10.03"]
[Round "1"]
[White "OparinGrigoriy"]
[Black "LawrenceTrent"]
[Result "1-0"]
[WhiteElo "2659"]
[BlackElo "2382"]
[TimeControl "180+2"]
[EndTime "13:11:28 PDT"]
[Termination "OparinGrigoriy won on time"]

1. e4 e5 2. Nf3 Nc6 3. Bc4 Nf6 4. d3 h6 5. a3 d6 6. Nc3 g6 7. h3 Bg7 8. Be3 O-O 9. Qd2 Kh7 10.
g4 Ng8 11. O-O-O Nd4 12. Bxd4 exd4 13. Ne2 a6 14. Nfxd4 c5 15. Nb3 Ne7 16. Nf4 Rb8 17.
Kb1 b5 18. Bd5 Qc7 19. Nc1 a5 20. Ba2 a4 21. Nd5 Nxd5 22. Bxd5 b4 23. axb4 Rxb4 24. c3 Rb6 25. f4 Ba6 26. Rh2 Rfb8 27. Qe1 Bb7 28. Bc4 Bc6 29. Ka2 Qb7 30. Rdd2 a3 31.
b3 Bxc3 32. Qd1 Bxd2 33. Rxd2 Qe7 34. f5 Bb5 35. Qc2 Bxc4 36. Qxc4 Rb4 37. Qc3 Qe5 38. Qxe5 dxe5 39. Kxa3 Kg7 40. Rc2 R4b5 41. Kb2 Kf6 42.
h4 gxf5 43. gxf5 Rg8 44. Na2 Rg3 45. Nc3 Rb7 46. Nd5+ Kg7 47. Kc3 h5 48. Ra2 Rg4 49.
Kc4 Rxh4 50. f6+ Kg6 51. Rg2+ Rg4 52. Rh2 Kg5 53. Ne7 h4 54. Nf5 Rb8 55. Rh3 Rb6 56.
Kxc5 Rxb3 57. Kd6 Rb8 58. Kxe5 Rh8 59. d4 Re8+ 60. Ne7 Rg3 61. Rh1 h3 62. d5 Kg4 63.
d6 Rg2 64. d7 Rd8 65. Kd6 Rd2+ 66. Nd5 h2 67. Ke7 Rxd7+ 68. Kxd7 Kf3 69. Ke7 Kg2 70. Rxh2+ Kxh2 71. Kxf7 Rd4 72. e5 Rxd5 73.
e6 Kg3 74. e7 1-0

[Event "*** MasterClass Titled Tuesday Blitz"]
[Site "Chess.com"]
[Date "2017.10.03"]
[Round "1"]
[White "Iball95"]
[Black "Superfelix"]
[Result "1-0"]
[WhiteElo "2527"]
[BlackElo "2257"]
[TimeControl "180+2"]
[EndTime "13:12:05 PDT"]
[Termination "Iball95 won by checkmate"]

1. e4 c6 2. Nc3 g6 3. d4 d5 4. Nf3 dxe4 5. Nxe4 Nf6 6. Nxf6+ exf6 7. Bc4 Bg7 8. Qe2+ Qe7 9. Qxe7+ Kxe7 10. O-O Be6 11.
Re1 Kd7 12. Bb3 a5 13. Nd2 a4 14. Bxe6+ fxe6 15. Nc4 Ra6 16. Bd2 b5 17. Ne3 Bh6 18. Rad1 Bxe3 19. Rxe3 Re8 20. Bb4 Ra8 21. Rh3 h5 22.
Rf3 f5 23. Rg3 Rg8 24. Re1 Na6 25. Bd2 Nc7 26. Rge3 Rae8 27. Re5 g5 28. Kf1 Nd5 29.
Ke2 Nf6 30. f3 h4 31. b3 axb3 32. axb3 g4 33. Ra1 Ra8 34. Rxa8 Rxa8 35. Bg5 Nd5 36. fxg4 fxg4 37. Bxh4 Ra2 38. Kd1 Ra1+ 39. Kd2 Rg1 40.
Re2 Nf4 41. Rf2 Nxg2 42. Bg3 Ne1 43. Rf7+ Ke8 44. Rc7 Nf3+ 45. Ke3 Rd1 46. Rxc6 Nxd4 47. Rc5 Kf7 48. Be5 Nf5+ 49. Kf4 Rd2 50. Kg5 Rd7 51.
Rxb5 Ne3 52. Rc5 Rd2 53. Bf4 Rxc2 54. Bxe3 Rxh2 55. Kxg4 Rb2 56. Rb5 Ke7 57. Kf4 Kd6 58.
Ke4 Kc6 59. Rc5+ Kd6 60. Rc3 e5 61. Rd3+ Ke6 62. Rc3 Kd6 63. Kd3 Kd5 64. Rc5+ Kd6 65. Rb5 Rb1 66. Kc4 Re1 67. Bc5+ Ke6 68. Rb6+ Kd7 69. b4 e4 70. Rd6+ Kc7 71. Re6 Kd7 72. Re7+ Kd8 73. Re5 Kd7 74. Kd5 e3 75. Rxe3 Rd1+ 76.
Kc4 Rc1+ 77. Rc3 Rh1 78. Kb5 Kc8 79. Rg3 Kb7 80. Rg7+ Ka8 81. Kc6 Rh6+ 82. Kb5 Re6 83. Bb6 Re5+ 84. Ka6 Re8 85. b5 Rc8 86. Ba5 Re8 87.
b6 Rf8 88. b7+ Kb8 89. Bc7# 1-0

[Event "*** MasterClass Titled Tuesday Blitz"]
[Site "Chess.com"]
[Date "2017.10.03"]
[Round "1"]
[White "Angry_Serb"]
[Black "Msb2"]
[Result "1/2-1/2"]
[WhiteElo "2382"]
[BlackElo "2645"]
[TimeControl "180+2"]
[EndTime "13:13:40 PDT"]
[Termination "Game drawn - insufficient material"]

1. e4 e6 2. d4 d5 3. Nc3 Nf6 4. exd5 exd5 5. Bg5 Bb4 6. Bd3 O-O 7. Ne2 h6 8. Bh4 c6 9. a3 Be7 10. O-O Bg4 11.
Qd2 Ne4 12. Bxe4 Bxh4 13. Bd3 Nd7 14. Qf4 Qg5 15. Qc7 Qf6 16. h3 Be6 17. Qxb7 Rab8 18.
Qxc6 Rb6 19. Qc7 Rxb2 20. Qxa7 Rfb8 21. Qc7 Qe7 22. Nf4 R2b7 23. Nfxd5 Rxc7 24. Nxe7+ Bxe7 25. Nb5 Rcb7 26. a4 Nf6 27. c4 Bb4 28. d5 Bd7 29.
Rab1 Bc5 30. Rfc1 Ra8 31. Ra1 Rb6 32. a5 Rb7 33. Rcb1 Ra6 34. g3 Kf8 35. Kg2 Ne8 36.
f4 Nd6 37. Nxd6 Rxb1 38. Rxb1 Rxd6 39. Rb7 Ke8 40. g4 Kd8 41. Be4 Kc8 42. Rb3 Ra6 43. g5 hxg5 44. fxg5 Rxa5 45. Rf3 Ra2+ 46. Kg3 Ra3 47.
Rxa3 Bxa3 48. h4 g6 49. Bf3 Bd6+ 50. Kf2 Bf4 51. Be2 Kc7 52. Kf3 Bd2 53. Ke4 Kd6 54.
Kd4 Bb4 55. h5 Bc5+ 56. Ke4 gxh5 57. Bxh5 Be8 58. Kf5 Ke7 59. g6 Bd7+ 60. Kf4 Bd6+ 61. Kg5 fxg6 62. Bxg6 Be5 63. Bf5 Ba4 64. Be6 Kd6 65.
Kf5 Bd4 66. Ke4 Ba7 67. Kd3 Kc5 68. Ke4 Bb8 69. d6 Bxd6 70. Bd5 Bc2+ 71. Kf3 Kd4 72. Kg2 Bc5 73. Kf3 Bd1+ 74. Kg2 Ke3 75. Bc6 Kf4 76. Bd5 Kg4 77. Be6+ Kf4 78. Bd5 Be2 79. Kh1 Kg3 80. Ba8 Bxc4 81. Bb7 Bd3 82. Ba8 Be2 83. Bb7 Kf2 84. Ba8 Ke3 85. Bb7 Kd4 86. Ba8 Ba6 87.
Bg2 Ke3 88. Ba8 Kf2 89. Bc6 Bc8 90. Ba8 Kg3 91. Bc6 Kf4 92. Bd5 Ke5 93. Ba8 Kd6 94. Bg2 Be3 95. Bf3 Ke5 96. Ba8 Kf4 97. Kg2 Ba6 98.
Kh1 Bf1 99. Bb7 Kg3 100. Ba8 Ba6 101. Bc6 Bc4 102. Ba8 Bb5 103. Bb7 Bd3 104. Ba8 Kf2 105. Bg2 Bf4 106. Ba8 Bf1 107. Bb7 Bg3 108. Ba8 Bh3 109. Bb7 Bd7 110. Ba8 Bc8 111. Bc6 Bf4 112. Ba8 Be3 113. Bc6 Ba6 114. Bg2 Bb5 115. Ba8 Bc4 116. Bb7 Kg3 117. Bc6 Kf4 118. Bb7 Ke5 119. Ba8 Kd6 120. Bg2 Kc7 121. Bf3 Kb6 122. Bg2 Ka6 123. Bf3 Ka5 124. Kg2 Kb4 125. Kg3 Kc3 126. Kg2 Kd4 127. Kh1 Bf4 128. Bg2 Ke3 129. Ba8 Bd3 130. Bg2 Bf5 131. Ba8 Kf2 132. Bg2 Kg3 133. Ba8 Bc8 134. Bc6 Bh3 135. Ba8 Be3 136. Bb7 Bg4 137. Ba8 Bf2 138. Bb7 Bf3+ 139. Bxf3 Kxf3 1/2-1/2

[Event "*** MasterClass Titled Tuesday Blitz"]
[Site "Chess.com"]
[Date "2017.10.03"]
[Round "1"]
[White "Cruel_Yaro"]
[Black "AdrianaNikolova"]
[Result "1-0"]
[WhiteElo "2689"]
[BlackElo "2394"]
[TimeControl "180+2"]
[EndTime "13:13:56 PDT"]
[Termination "Cruel_Yaro won by resignation"]

1. a3 d5 2. e3 Nf6 3. d4 Bf5 4. c4 c6 5. Nc3 e6 6. Nf3 Nbd7 7.
Nh4 Bg4 8. f3 Bh5 9. Qb3 dxc4 10.
Qxb7 Nd5 11. g3 Be7 12. Be2 Bxh4 13. gxh4 Qxh4+ 14. Kd1 Rb8 15. Qxc6 Nb6 16. Qd6 e5 17. Bd2 Rd8 18. d5 Nc8 19. Qb4 Ne7 20. Rf1 O-O 21.
Qxc4 Qh3 22. e4 Nb6 23. Qc5 Ng6 24. Qf2 Nf4 25. Bxf4 exf4 26. Rg1 Bg6 27. a4 f5 28.
a5 Nd7 29. exf5 Qxf5 30. Ke1 Ne5 31. Kf1 Rfe8 32. Kg2 Nd3 33. Bxd3 Qxd3 34. Rge1 Bh5 35. Rad1 Qf5 36. Rxe8+ Rxe8 37. d6 Qg6+ 38. Kh1 Rd8 39. d7 Qc6 40. Ne4 Rxd7 41. Rxd7 Qxd7 42. Kg2 Qf5 43. Qh4 h6 44. Qd8+ Kh7 45. Qc7 Qg6+ 46. Kf2 a6 47. b4 Qf5 48. Qe7 Qg6 49. Qd6 Qf5 50. Qe7 Qg6 51. h4 Qf5 52. Nd6 Qh3 53.
Qe4+ Bg6 54. Qxf4 Qe6 55. Ne4 Qa2+ 56. Kg3 Qb1 57. Kh2 Qb2+ 58. Kh3 Qb1 59. Kg2 Qb2+ 60. Nf2 Bb1 61. Qc4 Bg6 62. Kg3 Qe5+ 63. Kg2 Qb2 64.
Qxa6 Qxb4 65. Kg3 Qb8+ 66. Kg2 Qb4 67. Qb6 Qxh4 68. a6 Qg5+ 69. Ng4 h5 70. a7 hxg4 71.
a8=Q gxf3+ 72. Kxf3 Bh5+ 73. Kf2 Qd2+ 74. Kg1 Qe1+ 75.
Kg2 Bg6 76. Qd4 Qe2+ 77. Kg3 Qe1+ 78. Qf2 Qc3+ 79. Qaf3 Qe5+ 80. Qf4 Qc3+ 81. Q4e3 Qc7+ 82. Qff4 Qc8 83. Qh4+ Kg8 84. Qg4 Qc7+ 85. Qef4 Qc3+ 86. Qgf3 Qc5 87. Q3e3 Qc8 88. Qfe5 Kh7 89. Qe6 Qc2 90.
Qh3+ Kg8 91. Qee6+ Bf7 92. Qc8+ Qxc8 93. Qxc8+ Kh7 94.
Kf4 Bg6 95. Kg5 Bf7 96. Qh3+ Kg8 97. Qf5 Kf8 98. Qh7 Bg8 99. Qh8 Kf7 100. Kf5 g6+ 101. Kg5 1-0

[Event "*** MasterClass Titled Tuesday Blitz"]
[Site "Chess.com"]
[Date "2017.10.03"]
[Round "1"]
[White "Indianlad"]
[Black "Andrjywa"]
[Result "1/2-1/2"]
[WhiteElo "2616"]
[BlackElo "2337"]
[TimeControl "180+2"]
[EndTime "13:14:02 PDT"]
[Termination "Game drawn by agreement"]

1. d4 Nf6 2. Nf3 e6 3. Bf4 b6 4. e3 Bb7 5. h3 Be7 6. Bd3 O-O 7.
O-O c5 8. a4 cxd4 9. exd4 d6 10.
a5 Nbd7 11. Re1 bxa5 12. Nbd2 Nb6 13. Bh2 a4 14. c4 Rc8 15. b3 axb3 16. Qxb3 Ra8 17.
Rec1 Qd7 18. c5 dxc5 19. dxc5 Bd5 20. Qc2 Rac8 21. Ne5 Qb7 22. c6 Qa8 23. Ne4 Nxe4 24. Bxe4 Bxe4 25. Qxe4 Nd5 26. Qa4 Bg5 27. Rc2 Bf6 28.
Qxa7 Qxa7 29. Rxa7 Bxe5 30. Bxe5 Nb4 31. Rc5 Nxc6 32. Rc7 Rxc7 33. Bxc7 Nb4 34. f4 Nd5 35. Bd6 Rd8 36. f5 h6 37. fxe6 fxe6 38. Be5 Rd7 39.
Rc8+ Kf7 40. Rc2 g5 41. g4 Kg6 42. Rc6 Kf7 43. Rc8 Ne7 44. Rh8 Kg6 45. Re8 Kf7 46.
Rh8 Kg6 47. Rf8 Nd5 48. Rg8+ Kh7 49. Re8 Re7 50. Rh8+ Kg6 51. Rg8+ Kh7 52. Rf8 Kg6 53. Kh2 Rf7 54. Rg8+ Kh7 55. Rh8+ Kg6 56. Rg8+ Kh7 57. Re8 Nf4 58. Bxf4 Rxf4 59. Re7+ Kg6 60. Rxe6+ Rf6 61.
Re3 Rf7 62. Kg3 Rf6 63. h4 gxh4+ 64. Kxh4 Rf7 65. Re6+ Rf6 66. Re8 Rf4 67. Rg8+ Kh7 68. Ra8 Rb4 69. Ra7+ Kg6 70. Ra6+ Kh7 71. Rc6 Kg7 72. Rc5 Kg6 73. Ra5 Rc4 74. Rb5 Ra4 75. Rc5 Rb4 76. Ra5 Rc4 77. Ra6+ Kg7 78. Rd6 Rb4 79.
Rd5 Ra4 80. Kh5 Ra1 81. Rd7+ Kf6 82. Rd6+ Kg7 83. Rg6+ Kf7 84. Kxh6 Rh1+ 85. Kg5 Rc1 86. Kh5 Rh1+ 87. Kg5 Rc1 88. Rb6 Kg7 89. Rb7+ Kg8 90.
Rb6 Kg7 91. Rb7+ Kg8 92. Rd7 Rc6 93. Re7 Rb6 94. Kh5 Rc6 95. Rd7 Rb6 96. Rd5 Kg7 97. g5 Ra6 98. g6 Ra1 99. Rd7+ Kg8 100. Rd8+ Kg7 101. Rd7+ Kg8 1/2-1/2

[Event "*** MasterClass Titled Tuesday Blitz"]
[Site "Chess.com"]
[Date "2017.10.03"]
[Round "1"]
[White "Sven_Tica"]
[Black "TigranLPetrosyan"]
[Result "1-0"]
[WhiteElo "2422"]
[BlackElo "2684"]
[TimeControl "180+2"]
[EndTime "13:14:48 PDT"]
[Termination "Sven_Tica won by checkmate"]

1. d4 g6 2. c4 Bg7 3. e4 d6 4.
Nc3 Nc6 5. Nge2 e5 6. d5 Nd4 7. Be3 c5 8. dxc6 Nxc6 9. Nd5 Be6 10. Nec3 Nge7 11. Be2 Nd4 12. O-O Bxd5 13. exd5 O-O 14.
Bxd4 exd4 15. Ne4 h6 16. Bd3 f5 17. Nd2 g5 18. Qh5 Qe8 19. Qxe8 Raxe8 20. Rfe1 Kf7 21.
Re6 Ng6 22. Rxd6 Nf4 23. Bf1 d3 24. Rd7+ Kg6 25. Rxb7 Ne2+ 26. Kh1 Bd4 27. Rb3 Nf4 28. g3 Nh5 29. Rxd3 Bxf2 30. b4 Nf6 31. c5 Ng4 32. Nc4 f4 33. Bh3 Ne3 34. Nd6 Re5 35. c6 g4 36.
gxf4 Rh5 37. Rxe3 Bxe3 38. Bxg4 Rxd5 39. c7 Rxd6 40. c8=Q Rxc8 41. Bxc8 Bxf4 42. h3 Rd2 43. Rg1+ Kf6 44. Rg2 Rd1+ 45. Rg1 Rd2 46. Rg2 Rd1+ 47. Rg1 Rd4 48. b5 Rb4 49. Bd7 Ke7 50.
Bc6 Kd6 51. Rg6+ Ke5 52. Kg2 Rb2+ 53. Kf3 Rxa2 54. Rg7 Ra3+ 55. Kf2 Rxh3 56. Re7+ Kf6 57. Rxa7 h5 58. Rh7 h4 59. Bg2 Rb3 60. Rh5 Kg6 61.
Rh8 Be5 62. Rg8+ Kh7 63. Rg5 Bg3+ 64. Ke2 Kh6 65. Rd5 Rb2+ 66. Kf1 Rf2+ 67. Kg1 Rb2 68. Bh3 Kg6 69. Bd7 Kf6 70. Bc8 Bh2+ 71. Kh1 Be5 72.
Bd7 h3 73. Rd1 h2 74. Bc6 Kg5 75. Rf1 Bg3 76. Rd1 Kf4 77. Rf1+ Kg4 78. Bd7+ Kg5 79. Bc6 Bf4 80. Rd1 Kg4 81. Rf1 Be5 82. Bd7+ Kg3 83. Bc6 Bd4 84. Rf3+ Kg4 85. Rf1 Bg1 86. Bd7+ Kg3 87.
Bc6 Bf2 88. Bd7 Rd2 89. Bc6 Rd6 90. Rb1 Be3 91. Bg2 Rg6 92. Rb3 Kf2 93. Rb2+ Ke1 94.
Kxh2 Bd4 95. Ra2 Be5+ 96. Kg1 Rg7 97. Rc2 Kd1 98. Ra2 Bd4+ 99. Kh2 Ke1 100. Be4 Be5+ 101. Kh3 Kf1 102. Bg2+ Kg1 103. b6 Rg3+ 104. Kh4 Rb3 105. b7 Bb2 106. Bd5 Rb4+ 107. Kg5 Kf2 108. Kf5 Ke3 109. Ke6 Kd4 110. Ra4 Rxa4 111. b8=Q Ra6+ 112. Kd7 Ba3 113. Bc6 Ra5 114. Qf4+ Kc5 115. Qe5+ Kb6 116. Qd4+ Bc5 117. Qb2+ Ka7 118. Qb7# 1-0

[Event "*** MasterClass Titled Tuesday Blitz"]
[Site "Chess.com"]
[Date "2017.10.03"]
[Round "2"]
[White "Vrolijk"]
[Black "Sven_Tica"]
[Result "0-1"]
[WhiteElo "2463"]
[BlackElo "2439"]
[TimeControl "180+2"]
[EndTime "13:18:02 PDT"]
[Termination "Sven_Tica won by resignation"]

1. d4 Nf6 2. c4 e6 3. Nf3 b6 4. g3 Ba6 5. b3 Bb4+ 6. Bd2 Be7 7.
Bg2 c6 8. O-O O-O 9. Nc3 d5 10.
Ne5 Nfd7 11. Nxd7 Nxd7 12. cxd5 cxd5 13. Bc1 Rc8 14. Bb2 Bb4 15. Rc1 Qe7 16. Qd2 Nf6 17. Qe3 Rc7 18. Rc2 Rfc8 19. Rfc1 Ba3 20. Bxa3 Qxa3 21.
Nb5 Qxc1+ 0-1

[Event "*** MasterClass Titled Tuesday Blitz"]
[Site "Chess.com"]
[Date "2017.10.03"]
[Round "2"]
[White "Daniela_Movileanu"]
[Black "calemcc"]
[Result "1-0"]
[WhiteElo "2106"]
[BlackElo "2181"]
[TimeControl "180+2"]
[EndTime "13:18:28 PDT"]
[Termination "Daniela_Movileanu won by checkmate"]

1. e4 e6 2. d4 d5 3. Nd2 Nc6 4. Ngf3 Nf6 5. e5 Nd7 6. Bd3 Nb4 7. Be2 c5 8. c3 Nc6 9. O-O f6 10. exf6 Qxf6 11. Nb3 Bd6 12. Bg5 Qf7 13. Re1 O-O 14. Bh4 h6 15. Bd3 e5 16. dxc5 Nxc5 17. Nxc5 Bxc5 18.
Nxe5 Bxf2+ 19. Bxf2 Qxf2+ 20. Kh1 Rf4 21. Nxc6 bxc6 22.
Re8+ Kf7 23. Qh5+ g6 24. Qxg6# 1-0

[Event "*** MasterClass Titled Tuesday Blitz"]
[Site "Chess.com"]
[Date "2017.10.03"]
[Round "2"]
[White "TheFlaminGM"]
[Black "Blitzstream"]
[Result "0-1"]
[WhiteElo "2576"]
[BlackElo "2497"]
[TimeControl "180+2"]
[EndTime "13:18:29 PDT"]
[Termination "Blitzstream won by resignation"]

1. e4 d5 2. exd5 Qxd5 3. Nf3 Bg4 4. Be2 Nc6 5. h3 Bxf3 6. Bxf3 Qd7 7. d4 O-O-O 8. c3 e5 9. dxe5 Qxd1+ 10. Bxd1 Nxe5 11. O-O Nd3 12. Bc2 Nxc1 13. Rxc1 Nf6 14. Bb3 Bc5 15. Na3 Ne4 16. Rc2 Nxf2 17. Rxf2 Rd2 18. Rf1 Re8 19.
Nc4 Rxf2 0-1

[Event "*** MasterClass Titled Tuesday Blitz"]
[Site "Chess.com"]
[Date "2017.10.03"]
[Round "2"]
[White "Bad4life"]
[Black "roldieyi"]
[Result "1-0"]
[WhiteElo "2195"]
[BlackElo "2129"]
[TimeControl "180+2"]
[EndTime "13:18:29 PDT"]
[Termination "Bad4life won by resignation"]

1. e4 c6 2. Nc3 d5 3. Qe2 dxe4 4. Nxe4 Bf5 5. d3 e6 6. g4 Bg6 7. Bg2 Nf6 8. Bd2 Be7 9. O-O-O O-O 10. Kb1 Nbd7 11. h4 Nc5 12. Nh3 Qb6 13. Nxc5 Bxc5 14. h5 Nd5 15. Bxd5 exd5 16. hxg6 fxg6 17. Qe6+ Kh8 18.
Ng5 h6 19. Qxg6 1-0

[Event "*** MasterClass Titled Tuesday Blitz"]
[Site "Chess.com"]
[Date "2017.10.03"]
[Round "2"]
[White "TigranLPetrosyan"]
[Black "ruvat"]
[Result "1-0"]
[WhiteElo "2686"]
[BlackElo "2297"]
[TimeControl "180+2"]
[EndTime "13:18:44 PDT"]
[Termination "TigranLPetrosyan won by resignation"]

1. Nf3 d6 2. g3 g6 3. Bg2 Bg7 4. d4 Nf6 5. O-O O-O 6. c4 c6 7. Nc3 Qa5 8. h3 e5 9. e4 Nbd7 10. Be3 exd4 11. Nxd4 Re8 12. Qc2 a6 13. Rfe1 Qc7 14.
Rad1 Ne5 15. b3 c5 16. Nde2 b5 17. cxb5 Rb8 18. f4 Ned7 19. a4 h5 20. Qd3 1-0

[Event "*** MasterClass Titled Tuesday Blitz"]
[Site "Chess.com"]
[Date "2017.10.03"]
[Round "2"]
[White "jefferyx"]
[Black "2L8IWUN"]
[Result "1-0"]
[WhiteElo "2739"]
[BlackElo "1802"]
[TimeControl "180+2"]
[EndTime "13:19:01 PDT"]
[Termination "jefferyx won by resignation"]

1. e4 c5 2. Nf3 d6 3. d4 cxd4 4.
Qxd4 Nc6 5. Bb5 Bd7 6. Qd3 Nf6 7. c4 g6 8. Nc3 Bg7 9. O-O O-O 10. Bxc6 Bxc6 11. Nd4 Qa5 12. f3 Rac8 13. Be3 Nd7 14.
Qd2 Ne5 15. b3 a6 16. a4 Nd7 17.
Rab1 Qb5 18. axb5 1-0

[Event "*** MasterClass Titled Tuesday Blitz"]
[Site "Chess.com"]
[Date "2017.10.03"]
[Round "2"]
[White "Abdodi"]
[Black "Lawliet64"]
[Result "1-0"]
[WhiteElo "2160"]
[BlackElo "2029"]
[TimeControl "180+2"]
[EndTime "13:19:09 PDT"]
[Termination "Abdodi won by resignation"]

1. d4 Nf6 2. Nd2 c5 3. e3 cxd4 4. exd4 g6 5. Ngf3 Bg7 6. b3 O-O 7. Bb2 d6 8. c4 a6 9. h3 b6 10. Be2 Bb7 11. O-O Nbd7 12. Re1 Rc8 13. Bf1 Re8 14.
Rc1 Qc7 15. g3 e5 16. d5 Nh5 17. Ne4 Nc5 18. Bg2 Nxe4 19. Rxe4 f5 20. Re1 h6 21. Nh4 Kh8 22. Nxg6+ Kh7 23. Qxh5 1-0

[Event "*** MasterClass Titled Tuesday Blitz"]
[Site "Chess.com"]
[Date "2017.10.03"]
[Round "2"]
[White "SerGo055"]
[Black "PlotnikovPavel"]
[Result "1-0"]
[WhiteElo "2438"]
[BlackElo "2444"]
[TimeControl "180+2"]
[EndTime "13:19:27 PDT"]
[Termination "SerGo055 won by resignation"]

1. d4 e6 2. Nf3 f5 3. c4 Nf6 4. Nc3 Bb4 5. Qb3 a5 6. Bd2 b6 7.
a3 Bxc3 8. Bxc3 Bb7 9. d5 exd5 10.
Bxf6 Qxf6 11. cxd5 Na6 12. Rd1 Nc5 13. Qc2 a4 14. e3 O-O 15. Bc4 Kh8 16. O-O Ba6 17.
Bxa6 Rxa6 18. Nd4 d6 19. Qc4 Raa8 20. Nb5 Rf7 21. Rd4 Re8 22. Rfd1 Qg5 23. g3 h6 24. Nc3 Ra8 25. Qb5 Ra5 26. Qe8+ Kh7 27. Qxf7 1-0

[Event "*** MasterClass Titled Tuesday Blitz"]
[Site "Chess.com"]
[Date "2017.10.03"]
[Round "2"]
[White "MyleneFarmer"]
[Black "Buffy7"]
[Result "1-0"]
[WhiteElo "2429"]
[BlackElo "2461"]
[TimeControl "180+2"]
[EndTime "13:19:40 PDT"]
[Termination "MyleneFarmer won by resignation"]

1. e4 c5 2. Nf3 Nc6 3. b4 cxb4 4. d4 d5 5. exd5 Qxd5 6. c4 Qd8 7. d5 Nb8 8. a3 e6 9. Bd3 bxa3 10. O-O Nf6 11. Nc3 Be7 12. Qa4+ Bd7 13. Qb3 Na6 14. Bxa3 O-O 15. d6 Bxd6 16. Bxd6 Bc6 17. Bxf8 Bxf3 18. gxf3 Qxd3 19. Qxb7 Rb8 20. Qxa6 Qxf3 21. Bd6 1-0

[Event "*** MasterClass Titled Tuesday Blitz"]
[Site "Chess.com"]
[Date "2017.10.03"]
[Round "2"]
[White "Alexander_Donchenko"]
[Black "eldur16"]
[Result "1-0"]
[WhiteElo "2582"]
[BlackElo "2472"]
[TimeControl "180+2"]
[EndTime "13:20:02 PDT"]
[Termination "Alexander_Donchenko won by resignation"]

1. d4 g6 2. Nf3 Bg7 3. g3 d6 4. Bg2 Nf6 5. O-O O-O 6. b3 Nbd7 7. Bb2 e5 8. dxe5 Ng4 9. Qc1 Ngxe5 10. Nxe5 dxe5 11.
Rd1 Re8 12. Nc3 c6 13. Ne4 Qc7 14. Nd6 Re6 15. Qd2 Nf8 16. Nxc8 Rxc8 17. Bh3 f5 18.
e4 Qf7 19. exf5 gxf5 20. Qg5 Rce8 21. Bxf5 Rf6 22. Bd3 Rxf2 23. Bc4 Ne6 24. Bxe6 1-0

[Event "*** MasterClass Titled Tuesday Blitz"]
[Site "Chess.com"]
[Date "2017.10.03"]
[Round "2"]
[White "Rokis13"]
[Black "Boryboy"]
[Result "0-1"]
[WhiteElo "2336"]
[BlackElo "2341"]
[TimeControl "180+2"]
[EndTime "13:20:10 PDT"]
[Termination "Boryboy won by resignation"]

1. e4 e6 2. d3 d5 3. Nd2 b6 4.
g3 Bb7 5. Bg2 Nf6 6. Ne2 dxe4 7.
dxe4 Nbd7 8. O-O Bc5 9. h3 O-O 10. c3 a5 11. Qc2 a4 12. Re1 Ne5 13. Nf4 Ba6 14. c4 a3 15. bxa3 Bxf2+ 16. Kxf2 Qd4+ 17. Re3 Qxa1 18. Nb3 Neg4+ 19. hxg4 Nxg4+ 20. Kf3 Nxe3 21. Kxe3 Qe5 22. Bb2 Qg5 23. Kf2 Rad8 24. Nd2 Qc5+ 25. Kf1 b5 26. Qc3 e5 27. Nd5 bxc4 28. a4 Qd4 29.
Ke1 c6 30. Ne7+ Kh8 31. Nxc6 Qg1+ 32. Bf1 Rxd2 33. Qxd2 c3 0-1